 Dungeon Crawl Stone Soup version 0.30-a0-137-gd8773701ce (webtiles) character file.

Game seed: 9407098147958507153

251 LnG the Caller (level 6, -4/32 HPs)
             Began as a Kobold Summoner on Sept 22, 2022.
             Slain by Crazy Yiuf
             ... wielding a +4 quarterstaff of chaos
              (11 damage)
             ... on level 2 of the Dungeon.
             The game lasted 00:12:23 (2406 turns).

LnG the Caller (Kobold Summoner)                    Turns: 2406, Time: 00:12:24

Health: -4/32      AC:  2    Str:  6    XL:     6   Next: 36%
Magic:  4/11       EV: 15    Int: 18    God:
Gold:   49         SH:  0    Dex: 15    Spells: 6/12 levels left

rFire   . . .      SeeInvis .    h - +0 dagger
rCold   . . .      Faith    .    (no shield)
rNeg    . . .      Spirit   .    a - +0 robe
rPois   .          Reflect  .    (no helmet)
rElec   .          Harm     .    (no cloak)
rCorr   .          Rampage  .    (no gloves)
Will    .....                    (no boots)
Stlth   ++++......               f - amulet of regeneration
HPRegen 0.90/turn                (no ring)
MPRegen 0.12/turn                (no ring)

@: no status effects
A: small, no large weapons, nightstalker 3
a: no special abilities


You were on level 2 of the Dungeon.
You visited 1 branch of the dungeon, and saw 2 of its levels.

You collected 49 gold pieces.

Inventory:

Hand Weapons
 h - a +0 dagger (weapon)
Missiles
 l - a throwing net
Armour
 a - a +0 robe (worn)
Jewellery
 e - a ring of flight
 f - an amulet of regeneration (around neck)
Scrolls
 d - 2 scrolls of vulnerability {unknown}
 g - 2 scrolls of enchant armour {unknown}
 i - a scroll of blinking {unknown}
 j - 2 scrolls of immolation {unknown}
 k - a scroll of teleportation {unknown}
 o - a scroll of silence {unknown}
 p - a scroll of identify {unknown}
Potions
 b - 2 potions of magic
 c - a potion of might {unknown}
 m - a potion of flight {unknown}
 n - 2 potions of curing {unknown}
 q - a potion of lignification {unknown}


   Skills:
 + Level 0.3 Fighting
 + Level 1.0 Short Blades
 + Level 3.6 Dodging
 + Level 4.0 Stealth
 + Level 0.1 Unarmed Combat
 + Level 3.9 Spellcasting
 + Level 5.3 Summonings


You had 6 spell levels left.
You knew the following spells:

 Your Spells              Type           Power      Damage    Failure   Level
a - Summon Small Mammal   Summ           88%        N/A       1%          1
b - Call Imp              Summ           22%        N/A       2%          2
c - Call Canine Familiar  Summ           22%        N/A       4%          3

Your spell library contained the following spells:

 Spells                   Type           Power      Damage    Failure   Level
 Summon Guardian Golem    Hex/Summ       13%        N/A       16%         3
 Summon Lightning Spire   Summ/Air       13%        N/A       45%         4


Dungeon Overview and Level Annotations

Branches:
Dungeon (2/15)

Altars:

Annotations:
D:2 Crazy Yiuf


Innate Abilities, Weirdness & Mutations

You are small and have problems with some larger weapons.
You are completely attuned to the shadows.


Message History

Your white imp dies!
Your white imp disappears in a puff of smoke!
Crazy Yiuf grits, "Earwax!"
You swap places.
Your hound barely misses Crazy Yiuf.
Crazy Yiuf flaps his cloak.
Crazy Yiuf hits your hound with a +4 quarterstaff of chaos.
Crazy Yiuf burns your hound.
Your hound bites Crazy Yiuf.
Crazy Yiuf hits your hound with a +4 quarterstaff of chaos!
Your hound bites Crazy Yiuf but does no damage.
Unknown command.
Casting: Call Canine Familiar (dangerous; 4% risk of failure)
Confirm with . or Enter, or press ? or * to list all spells.
Okay, then.
Your hound bites Crazy Yiuf.
Crazy Yiuf hits your hound with a +4 quarterstaff of chaos!
Your hound dies!
Your hound's corpse disappears in a puff of smoke!
Casting: Call Canine Familiar (dangerous; 4% risk of failure)
Confirm with . or Enter, or press ? or * to list all spells.
Crazy Yiuf hits your quokka with a +4 quarterstaff of chaos!
Crazy Yiuf burns your quokka.
Your quokka dies!
Your quokka's corpse disappears in a puff of smoke!
Crazy Yiuf zaps a wand.
The puff of flame hits you!
You see here a +2 hammer of holy wrath.
You start resting.
Crazy Yiuf is nearby!
Casting: Summon Small Mammal (safe; 1% risk of failure)
Confirm with . or Enter, or press ? or * to list all spells.
Crazy Yiuf hits you with a +4 quarterstaff of chaos!!
Ouch! That really hurt!
Crazy Yiuf attacks as you move away!
Crazy Yiuf hits you with a +4 quarterstaff of chaos!
* * * LOW HITPOINT WARNING * * *
Crazy Yiuf says, "Trifle!
Key mumblescurry King."
Your hound closely misses Crazy Yiuf.
You hit Crazy Yiuf.
Crazy Yiuf is almost dead.
Crazy Yiuf hits you with a +4 quarterstaff of chaos!
You die...

##.#<#.# ♣♣g♣
##.###.# ♣.♣♣
...#...# ♣♣.♣
#.....## ♣.♣♣
......# ♣♣.♣♣
......# ♣)♣.♣♣
......# ♣..h.♣
#.....## #..g.#
#......######...@#
######.......#...#
#......>.###....##
#.######## ######
#.#..# #....#
..#.## .##.# .##.#


You could see Crazy Yiuf (ally target) and a friendly hound (summoned).

Vanquished Creatures
  An orc (D:2)
  2 bats (D:1)
  A giant cockroach (D:2)
  2 hobgoblins (D:2)
  A jackal (D:2)
  A quokka (D:1)
  A frilled lizard (D:2)
  A goblin (D:2)
  2 rats (D:1)
12 creatures vanquished.

Vanquished Creatures (collateral kills)
  Sigmund (D:2)
  Terence (D:2)
  An adder (D:2)
  A dart slug (D:1)
  A bat (D:2)
  5 endoplasms (D:1)
  A giant cockroach (D:1)
  A goblin (D:1)
  4 hobgoblins
  2 jackals (D:2)
  5 kobolds
  A quokka (D:1)
  4 ball pythons (D:1)
  A frilled lizard (D:1)
29 creatures vanquished.

Vanquished Creatures (others)
  A demonic plant (D:1)
1 creature vanquished.

Grand Total: 42 creatures vanquished

Notes
Turn   | Place    | Note
-------+----------+-------------------------------------------
     0 | D:1      | LnG the Kobold Summoner began the quest for the Orb.
     0 | D:1      | Reached XP level 1. HP: 10/10 MP: 3/3
   519 | D:1      | Reached XP level 2. HP: 15/15 MP: 1/5
   522 | D:1      | Learned a level 2 spell: Call Imp
   772 | D:1      | Reached XP level 3. HP: 19/19 MP: 3/6
  1016 | D:1      | Noticed a hellion
  1032 | D:1      | Found a faded altar of an unknown god.
  1093 | D:2      | Noticed Sigmund
  1246 | D:1      | Learned a level 3 spell: Call Canine Familiar
  1309 | D:2      | Found a runed translucent door.
  1312 | D:2      | Noticed Crazy Yiuf
  1409 | D:2      | Reached XP level 4. HP: 24/24 MP: 8/8
  1494 | D:2      | Killed Sigmund
  1495 | D:2      | Reached skill level 1 in Short Blades
  1495 | D:2      | Reached skill level 5 in Summonings
  1495 | D:2      | Reached XP level 5. HP: 27/28 MP: 2/10
  1495 | D:2      | Reached XP level 6. HP: 31/32 MP: 2/11
  1629 | D:2      | Noticed Terence
  1637 | D:2      | Killed Terence
  2406 | D:2      | Slain by Crazy Yiuf

Illustrated notes

Levels and vault maps discovered:
D:1:      ncdulo_watergridlock, layout_rooms,
          dreamdust_ecumenical_altar_sealed_demon, minmay_misc_feat_more_columns
D:2:      layout_basic, uniq_terence, uniq_crazy_yiuf_cottage, uniq_sigmund

Skill      XL: |  1  2  3  4  5  6 |
---------------+-------------------+-----
Short Blades   | 1 |  1.0
Dodging        | 3 |  3.6
Stealth        | 3 4 |  4.0
Spellcasting   | 3 |  3.9
Summonings     | 5 |  5.3
Fighting       | |  0.3
Unarmed Combat | |  0.1

Action                   |  1- 3 |  4- 6 || total
-------------------------+-------+-------++-------
Melee: Unarmed           |    12 |       ||    12
       Dagger            |    39 |    19 ||    58
       Punch             |     1 |     1 ||     2
Throw: Throwing net      |       |     1 ||     1
 Cast: Summon Small Mamm |    24 |     5 ||    29
       Call Imp          |     5 |     3 ||     8
       Call Canine Famil |       |     9 ||     9
 Stab: Sleeping          |     5 |     3 ||     8
Armor: Robe              |    12 |     6 ||    18
Dodge: Dodged            |    68 |    31 ||    99

Table legend: (Time is in decaauts)
 A = Elapsed time spent in this place.
 B = Non-inter-level travel time spent in this place.
 C = Inter-level travel time spent in this place.
 D = Time resting spent in this place.
 E = Time spent auto-exploring this place.
 F = Levels seen in this place.
 G = Mean time per level.
                   A        B        C        D        E       F      G
               +--------+--------+--------+--------+--------+-----+--------+
         Total |   2408 |   2319 |     89 |    502 |   1363 |   2 | 1204.0 |
       Dungeon |   2408 |   2319 |     89 |    502 |   1363 |   2 | 1204.0 |
               +--------+--------+--------+--------+--------+-----+--------+

Top non-repeatable levels by time:
     D:2: 1222 daAuts
     D:1: 1185 daAuts
